 Dungeon Crawl Stone Soup version 0.24-a0-496-gbe733cd003 (webtiles) character file.

Game seed: 10107282274620242485

2702 Peloso the Carver (level 9, -1/77 HPs)
             Began as a Minotaur Fighter on July 13, 2019.
             Was a Priest of Okawaru.
             Slain by a cyclops (8 damage)
             ... on level 6 of the Dungeon.
             The game lasted 00:14:30 (5908 turns).

Peloso the Carver (Minotaur Fighter)                Turns: 5908, Time: 00:14:30

Health: -1/77      AC: 17    Str: 23    XL:     9   Next: 38%
Magic:  8/8        EV:  6    Int:  2    God:    Okawaru [***...]
Gold:   440        SH: 12    Dex: 17    Spells: 8/8 levels left

rFire    + . .     SeeInvis .   a - +0 long sword
rCold    . . .     Gourm    .   c - +0 shield
rNeg     . . .     Faith    .   H - +1 plate armour "Vijehog" {rF+ MR+++ Int-3 Dex+4} (curse)
rPois    .         Spirit   .   (helmet restricted)
rElec    .         Reflect  .   (no cloak)
rCorr    .         Harm     .   (no gloves)
MR       +++..                  k - +0 pair of boots
Stlth    ..........             D - amulet of regeneration
HPRegen  0.62/turn              l - +2 ring of dexterity
MPRegen  0.11/turn              x - +1 ring of protection

@: no status effects
A: retaliatory headbutt, horns 2
a: Heroism, Renounce Religion


You were on level 6 of the Dungeon.
You worshipped Okawaru.
Okawaru was most pleased with you.
You were hungry.

You visited 2 branches of the dungeon, and saw 7 of its levels.

You collected 440 gold pieces.

Inventory:

Hand Weapons
 a - a +0 long sword (weapon)
 p - a +2 short sword of flaming
Armour
 b - a +0 scale mail
 c - a +0 shield (worn)
 k - a +0 pair of boots (worn)
 s - a +0 chain mail
 w - a +0 plate armour
 H - the cursed +1 plate armour "Vijehog" (worn) {rF+ MR+++ Int-3 Dex+4}
   (You found it on level 6 of the Dungeon)

   It affects your intelligence (-3).
   It affects your dexterity (+4).
   It protects you from fire.
   It affects your resistance to hostile enchantments.
   It has a curse placed upon it.
Jewellery
 l - a +2 ring of dexterity (left hand)
 o - an uncursed ring of resist corrosion
 r - an uncursed ring of flight
 x - a +1 ring of protection (right hand)
 D - an amulet of regeneration (around neck)
Wands
 t - a wand of random effects (39)
 E - a wand of paralysis (4)
 G - a wand of iceblast (7)
Scrolls
 e - 2 scrolls of teleportation
 h - 2 scrolls of magic mapping {unknown}
 j - a scroll of noise {unknown}
 m - a scroll of enchant armour {unknown}
 n - 3 scrolls of immolation {unknown}
 v - 2 scrolls of remove curse
 y - a scroll of identify
 z - 2 scrolls of random uselessness {unknown}
Potions
 d - a potion of heal wounds
 g - 7 potions of curing
 i - a potion of flight
 q - a potion of cancellation {unknown}
 u - 2 potions of haste {unknown}
 A - a potion of ambrosia {unknown}
 B - 3 potions of lignification {unknown}
 C - a potion of resistance {unknown}
 F - a potion of agility {unknown}
Comestibles
 f - 12 rations
 I - 3 chunks of flesh


   Skills:
 + Level 6.3 Fighting
 + Level 9.4 Long Blades
 + Level 8.7 Armour
 + Level 1.6 Dodging
 + Level 2.1 Stealth
 + Level 8.0 Shields
 + Level 0.4 Evocations


You had 8 spell levels left.
You didn't know any spells.
Your spell library contained the following spells:

 Spells                   Type           Power        Failure   Level  Hunger
 Magic Dart               Conj           #...         100%        1    ##.....
 Blink                    Tloc           N/A          100%        2    ###....
 Call Imp                 Summ           #.......     100%        2    ###....
 Slow                     Hex            #.......     100%        2    ###....
 Conjure Flame            Conj/Fire      #.......     100%        3    ####...
 Mephitic Cloud           Conj/Pois/Air  #.......     100%        3    ####...


Dungeon Overview and Level Annotations

Branches:
Dungeon (6/15)             Temple (1/1) D:5

Altars:
Cheibriados
Dithmenos
Elyvilon
Gozag
Hepliaklqana
Kikubaaqudgha
Okawaru
Qazlal
Trog
Uskayaw
Vehumet
Wu Jian
Xom
Yredelemnul
The Shining One


Innate Abilities, Weirdness & Mutations

You reflexively headbutt those who attack you in melee.
You have a pair of horns on your head.


Message History

The cyclops is heavily wounded.
The cyclops hits you!!
You hit the cyclops. You headbutt the cyclops.
The cyclops is severely wounded.
You hit the cyclops.
The cyclops is severely wounded.
The cyclops hits you!
You hit the cyclops.
The cyclops is severely wounded.
The cyclops hits you!
You hit the cyclops.
The cyclops is severely wounded.
You slash the cyclops! You headbutt the cyclops.
The cyclops is almost dead.
The cyclops hits you!!
* * * LOW HITPOINT WARNING * * *
You hit the cyclops but do no damage.
The cyclops is almost dead.
The cyclops hits you!
You die...

.........#### #########.#.≈.....≈
.....#.### #..#......#.......≈
##.#....# $+..#......##......≈
#..##...####### #..##..##.......
#..####....#.#.. #..##..##...§.§.
##..# #......#.#.#...(..###..§≈..
##.###.)....#.C.#....(.##...§§§.
#.........##'#######(###..†.†..
#####....##..C@#.....##..###...
####.......##...†#....)#..#####..
.....##....##...(#..#..#.........
....###..####....(.....#.#.#.####
...........#######.....#.#.#.....
.............<...#######...######
.........#....>..................
###.._..#####............########
#....(.......###..############.


You could see a cyclops.

Vanquished Creatures
  Pikel (D:4)
  2 water moccasins
  A sky beast (D:6)
  3 centaurs (D:6)
  7 ogres
  A bullfrog (D:6)
  3 scorpions
  A howler monkey (D:3)
  4 crimson imps (D:6)
  A bullfrog zombie (D:6)
  3 hounds
  A jelly (D:6)
  3 orc priests
  3 iguanas (D:6)
  3 orc wizards
  A worker ant (D:5)
  2 worker ant zombies
  Robin (D:4)
  7 adders
  3 gnolls (D:2)
  A howler monkey skeleton (D:6)
  3 shadow imps
  An ooze (D:1)
  2 adder skeletons (D:6)
  A dart slug (D:4)
  8 worms
  10 leopard geckos
  11 orcs
  6 bats
  7 giant cockroaches
  20 goblins
  10 hobgoblins
  10 jackals
  2 quokkas
  A ball python (D:2)
  3 frilled lizards
  8 kobolds
  3 leopard gecko skeletons
  8 rats
166 creatures vanquished.

Vanquished Creatures (others)
  A howler monkey (D:5)
  An adder (D:5)
2 creatures vanquished.

Grand Total: 168 creatures vanquished

Notes
Turn   | Place    | Note
-------+----------+-------------------------------------------
     0 | D:1      | Peloso the Minotaur Fighter began the quest for the Orb.
     0 | D:1      | Reached XP level 1. HP: 19/19 MP: 0/0
   198 | D:1      | Reached XP level 2. HP: 27/27 MP: 1/1
   737 | D:2      | Reached XP level 3. HP: 33/33 MP: 2/2
   818 | D:2      | Reached skill level 3 in Long Blades
  1029 | D:2      | Reached XP level 4. HP: 26/40 MP: 3/3
  1605 | D:2      | Reached skill level 5 in Armour
  1760 | D:3      | Found a white marble altar of Elyvilon.
  1766 | D:3      | Reached skill level 4 in Long Blades
  1766 | D:3      | Reached XP level 5. HP: 46/46 MP: 4/4
  2659 | D:4      | Noticed an ogre
  2665 | D:4      | Killed an ogre
  2665 | D:4      | Reached skill level 5 in Long Blades
  2665 | D:4      | Reached XP level 6. HP: 48/53 MP: 5/5
  2804 | D:4      | Reached skill level 1 in Dodging
  2908 | D:4      | Found an opulent altar of Gozag.
  3271 | D:4      | Reached skill level 5 in Shields
  3585 | D:4      | Reached XP level 7. HP: 59/60 MP: 6/6
  3677 | D:4      | Noticed Robin
  3701 | D:4      | Killed Robin
  3859 | D:5      | Entered Level 5 of the Dungeon
  3866 | D:5      | Found a staircase to the Ecumenical Temple.
  3875 | Temple   | Entered the Ecumenical Temple
  3945 | Temple   | Became a worshipper of Warmaster Okawaru
  4043 | Temple   | Reached skill level 5 in Fighting
  4043 | Temple   | Reached skill level 6 in Long Blades
  4525 | D:5      | Noticed Pikel
  4541 | D:4      | Reached * piety under Okawaru
  4675 | D:4      | Killed Pikel
  4675 | D:4      | Reached ** piety under Okawaru
  4675 | D:4      | Reached skill level 7 in Long Blades
  4675 | D:4      | Reached skill level 1 in Stealth
  4675 | D:4      | Reached XP level 8. HP: 63/70 MP: 7/7
  5178 | D:6      | Found a hide-covered altar of Uskayaw.
  5362 | D:6      | Reached skill level 8 in Long Blades
  5385 | D:6      | Reached XP level 9. HP: 71/75 MP: 8/8
  5387 | D:6      | Reached *** piety under Okawaru
  5608 | D:6      | Got an amethyst-studded plate armour
  5619 | D:6      | Identified the cursed +1 plate armour "Vijehog" {rF+ MR+++
                  | Int-3 Dex+4} (You found it on level 6 of the Dungeon)
  5693 | D:6      | Noticed a cyclops
  5722 | D:6      | Reached skill level 9 in Long Blades
  5908 | D:6      | Slain by a cyclops

Levels and vault maps discovered:
D:1:      wheals_arrival_linesprint, layout_loops_ring
D:2:      layout_loops_corners, first_ration
D:3:      layout_loops_ring, nicolae_overflow_crystal_walls
D:4:      kennysheep_goblin_castle, layout_loops_corners,
          grunt_gozag_breadcrumbs
D:5:      layout_cave_pools, minmay_temple_entry_ruins, hangedman_decor_lopped,
          kennysheep_potato, uniq_pikel
D:6:      minmay_clustersquares, layout_rooms, basic_altar,
          kennysheep_decorative_pillar, hex_intersection, nrook_mini_vaults
Temple:   eino_temple_scatter_basement

Skill      XL: |  1  2  3  4  5  6  7  8  9 |
---------------+----------------------------+-----
Armour         | 4 5 6 7 8 |  8.7
Long Blades    | 3 4 5 7 8 9 |  9.4
Fighting       | 4 5 6 |  6.3
Shields        | 4 5 6 7 8 |  8.0
Dodging        | 1 |  1.6
Stealth        | 1 2 |  2.1
Evocations     | |  0.4

Action                   |  1- 3 |  4- 6 |  7- 9 || total
-------------------------+-------+-------+-------++-------
Melee: Long sword        |    61 |   182 |   252 ||   495
       Headbutt          |    15 |    37 |    69 ||   121
Evoke: Wand              |       |       |     3 ||     3
  Use: Potion            |       |     1 |       ||     1
       Scroll            |       |       |     5 ||     5
 Stab: Paralysed         |       |       |     4 ||     4
  Eat: Chunk             |       |     9 |     7 ||    16
Armor: Scale mail        |    23 |    35 |       ||    58
       Chain mail        |       |    17 |       ||    17
       Plate armour      |       |    36 |   140 ||   176
Dodge: Dodged            |    25 |    29 |    64 ||   118
Block: Shield            |    28 |    81 |   158 ||   267
       Rpst.: Long sword |     3 |     7 |    15 ||    25

Table legend:
 A = Non-vault XP
 B = Vault XP
 C = Vault XP percentage of total XP
 D = Non-vault monster count
 E = Vault monster count
 F = Vault count percentage of total count
                 A         B        C        D         E       F
            +---------+---------+-------+---------+---------+-------
      Total |    2550 |    1311 |  34.0 |     131 |      35 |  21.1
            +---------+---------+-------+---------+---------+-------
        D:1 |      35 |       0 |   0.0 |      17 |       0 |   0.0
        D:2 |     122 |       0 |   0.0 |      25 |       0 |   0.0
        D:3 |     207 |       0 |   0.0 |      28 |       0 |   0.0
        D:4 |     458 |     758 |  62.3 |      21 |      22 |  51.2
        D:5 |     281 |      40 |  12.5 |      12 |       1 |   7.7
        D:6 |    1172 |     513 |  30.4 |      25 |      12 |  32.4
     Temple |     275 |       0 |   0.0 |       3 |       0 |   0.0
            +---------+---------+-------+---------+---------+-------
